 Dungeon Crawl Stone Soup version 0.29.1-1-gd02db6906a (webtiles) character file.

Game seed: 15999901554752006998

10278 karrick the Basher (level 11, -39/68 HPs)
             Began as a Gargoyle Fighter on Sept 24, 2022.
             Was a High Priest of Okawaru.
             Killed from afar by a deep elf pyromancer (40 damage)
             ... with a bolt of fire
             ... on level 10 of the Dungeon.
             The game lasted 00:17:21 (12148 turns).

karrick the Basher (Gargoyle Fighter)              Turns: 12148, Time: 00:17:21

Health: -39/68     AC: 19    Str: 19    XL:     11   Next: 59%
Magic:  16/16      EV:  8    Int: 10    God:    Okawaru [*****.]
Gold:   825        SH: 20    Dex: 23    Spells: 10/10 levels left

rFire   x . .      SeeInvis .   G - +6 morningstar
rCold   + . .      Faith    .   R - +2 kite shield {rPois}
rNeg    + . .      Spirit   .   b - +0 scale mail
rPois   ∞          Reflect  +   (no helmet)
rElec   +          Harm     .   P - +0 cloak
rCorr   .          Rampage  .   I - +0 pair of gloves
Will    .....                   (no boots)
Stlth   +.........              p - amulet of reflection
HPRegen 0.21/turn               k - +6 ring of dexterity
MPRegen 0.15/turn               w - ring of Finality {Ice Dex+4 Slay+6}

@: no status effects
A: sickness immunity, AC +8, negative energy resistance 1, electricity
resistance, torment resistance 1, petrification resistance
a: Renounce Religion, Heroism, Finesse, Duel


You were on level 10 of the Dungeon.
You worshipped Okawaru.
Okawaru was extremely pleased with you.
You visited 2 branches of the dungeon, and saw 11 of its levels.
You also visited: Bailey.

You collected 825 gold pieces.

Inventory:

Hand Weapons
 a - a +0 flail
 e - a +1 mace of protection
 G - a +6 morningstar (weapon)
 O - a +4 hand axe
Missiles
 g - 11 boomerangs (quivered)
 L - 7 throwing nets
Armour
 b - a +0 scale mail (worn)
 c - a +0 buckler
 I - a +0 pair of gloves (worn)
 P - a +0 cloak (worn)
 Q - +0 gold dragon scales
 R - a +2 kite shield of poison resistance (worn)
Jewellery
 k - a +6 ring of dexterity (left hand)
 l - a +6 ring of intelligence
 p - an amulet of reflection (around neck)
 v - a ring of wizardry
 w - the ring of Finality (right hand) {Ice Dex+4 Slay+6}
   (You found it on level 5 of the Dungeon)

   [ring of ice]

   It enhances your ice magic.
   Dex:       It affects your dexterity (+4).
   Slay:      It affects your accuracy & damage with ranged weapons and melee
   (+6).
   rF:        It makes you vulnerable to fire.
   rC:        It protects you from cold.
 A - a ring of magical power
 J - a ring of protection from cold
Wands
 y - a wand of light (6)
 D - a wand of polymorph (9)
 F - a wand of flame (36)
Scrolls
 d - 4 scrolls of fear {unknown}
 f - 5 scrolls of identify {unknown}
 m - 4 scrolls of noise {unknown}
 n - a scroll of magic mapping {unknown}
 o - a scroll of immolation {unknown}
 q - a scroll of summoning {unknown}
 r - a scroll of butterflies {unknown}
 u - 2 scrolls of torment {unknown}
 x - 2 scrolls of teleportation {unknown}
 C - 5 scrolls of enchant armour {unknown}
 E - 2 scrolls of enchant weapon {unknown}
 H - a scroll of vulnerability {unknown}
 M - 2 scrolls of poison {unknown}
 N - a scroll of brand weapon {unknown}
 T - a scroll of acquirement {unknown}
Potions
 i - 6 potions of curing
 j - 3 potions of degeneration {unknown}
 s - 2 potions of mutation {unknown}
 t - 3 potions of lignification {unknown}
 z - a potion of attraction {unknown}
 B - 2 potions of brilliance {unknown}
 K - a potion of ambrosia {unknown}
 U - a potion of berserk rage {unknown}
Miscellaneous
 S - a phantom mirror


   Skills:
 + Level 7.6 Fighting
 + Level 11.5 Maces & Flails
 + Level 0.6 Throwing
 + Level 8.4 Armour
 + Level 2.0 Stealth
 + Level 9.3 Shields
 * Level 6.7 Invocations


You had 10 spell levels left.
You didn't know any spells.
Your spell library contained the following spells:

 Spells                   Type           Power      Damage    Failure   Level
 Beastly Appendage        Tmut           0%         N/A       92%         1
 Shock                    Conj/Air       0%         1d3       92%         1
 Sting                    Tmut/Pois      0%         1d3       92%         1
 Ensorcelled Hibernation  Hex/Ice        0%         N/A       98%         2
 Poisonous Vapours        Pois/Air       0%         N/A       98%         2
 Static Discharge         Conj/Air       0%         3-3/arc   98%         2
 Wereblood                Tmut           0%         N/A       98%         2
 Gell's Gravitas          Tloc           0%         N/A       100%        3
 Ignite Poison            Fire/Tmut/Pois 0%         N/A       100%        3
 Lesser Beckoning         Tloc           0%         N/A       100%        3
 Mephitic Cloud           Conj/Pois/Air  0%         N/A       100%        3
 Ozocubu's Armour         Ice            0%         N/A       100%        3
 Spider Form              Tmut/Pois      0%         N/A       100%        3
 Swiftness                Air            0%         N/A       100%        3
 Teleport Other           Tloc           0%         N/A       100%        3
 Airstrike                Air            0%         2d(0-16)  100%        4
 Anguish                  Hex/Necr       0%         N/A       100%        4
 Dispel Undead            Necr           0%         3d6       100%        4
 Olgreb's Toxic Radiance  Pois           0%         N/A       100%        4
 Sticky Flame             Conj/Fire      0%         2d3       100%        4
 Freezing Cloud           Conj/Ice/Air   0%         6-21      100%        5
 Metabolic Englaciation   Hex/Ice        0%         N/A       100%        5
 Orb of Destruction       Conj           0%         9d5       100%        7
 Summon Guardian Golem    Hex/Summ       Unusable   N/A       N/A         3
 Simulacrum               Ice/Necr       Unusable   N/A       N/A         6
 Spellforged Servitor     Conj/Summ      Unusable   N/A       N/A         7

Dungeon Overview and Level Annotations

Branches:
Dungeon (10/15)            Temple (1/1) D:6          Bailey (visited)
   Lair: D:8-11         Orc: D:9-12

Altars:
Ashenzari
Cheibriados
Dithmenos
Elyvilon
Fedhas
Gozag
Hepliaklqana
Kikubaaqudgha
Makhleb
Nemelex Xobeh
Okawaru
Qazlal
Ru
Sif Muna
Trog
Uskayaw
Vehumet
Wu Jian
Xom
Yredelemnul
Zin
The Shining One

Shops:
D:4 (   D:6 [   D:10 !

Annotations:
D:6 3 runed translucent doors, jimonade's ghost, novice FoHu


Innate Abilities, Weirdness & Mutations

You are immune to sickness and miasma.
Your stone body is resilient. (AC +8)
You are immune to poison.
You resist negative energy. (rN+)
You are resistant to electric shocks. (rElec)
You are resistant to unholy torment.
You are immune to petrification.


Message History

You block the deep elf pyromancer's attack.
You barely miss the deep elf pyromancer.
The deep elf pyromancer is heavily wounded.
The fire elemental hits you. The fire elemental burns you!
The fire burns you terribly! You block the fire elemental's attack.
You block the deep elf pyromancer's attack.
The fire elemental hits you. The fire elemental burns you!
The fire burns you terribly!
* * * LOW HITPOINT WARNING * * *
The fire elemental hits you. The fire elemental burns you!
The fire burns you terribly!
* * * LOW HITPOINT WARNING * * *
You feel much better.
You block the deep elf pyromancer's attack.
The fire elemental hits you. The fire elemental burns you!
The fire burns you terribly!
* * * LOW HITPOINT WARNING * * *
The fire elemental barely misses you.
You feel much better. You block the fire elemental's attack.
The fire elemental barely misses you.
The deep elf pyromancer casts a spell at you.
The bolt of fire hits you! The fire burns you terribly!
* * * LOW HITPOINT WARNING * * *
Okay, then.
You puncture the deep elf pyromancer!
The deep elf pyromancer is almost dead.
You block the fire elemental's attack. The fire elemental hits you.
The fire elemental burns you! The fire burns you terribly!
* * * LOW HITPOINT WARNING * * *
The deep elf pyromancer barely misses you.
The fire elemental hits you. The fire elemental burns you!
The fire burns you terribly!
* * * LOW HITPOINT WARNING * * *
You block the fire elemental's attack.
You hit the deep elf pyromancer.
The deep elf pyromancer is almost dead.
The deep elf pyromancer casts a spell at you.
The bolt of fire hits you!!! The fire burns you terribly!
Ouch! That really hurt!
You die...

#......###.....#
#.:....)...###.# ♣.♣
##(.............#♣..
#.................~
#.♣
#...............(.~
#..
#.................~
#.♣
#...##.>..#.....#♣
#.....#####..eE.#
##.....###...E@.# ♣
#..#..##.......# ..
########.......# #..
##...[#)# #.♣
#......# #......#
###.....# ##....)#.#
##......#.#


You could see a deep elf pyromancer and 2 fire elementals.

Vanquished Creatures
  Harold (D:9)
  2 two-headed ogres
  An orc knight (Bailey)
  Pikel (D:5)
  A cyclops (D:9)
  A kobold demonologist (D:10)
  A troll (D:10)
  2 shadows (D:10)
  3 yaks (D:10)
  A steam dragon (D:7)
  3 water moccasins
  11 orc warriors
  2 ice beasts
  A sky beast (D:7)
  3 ogres
  5 centaurs
  A phantom (D:5)
  4 kobold brigands
  3 bullfrogs
  2 scorpions
  24 wights
  11 killer bees
  A howler monkey (D:10)
  4 jellies
  7 hounds
  8 orc priests
  7 orc wizards
  4 iguanas
  5 adders
  2 gnolls
  A white imp (D:6)
  3 ufetubi
  A worm (D:5)
  4 dart slugs
  74 orcs
  4 ball pythons
  3 bats
  8 endoplasms
  3 giant cockroaches
  5 goblins
  5 hobgoblins
  6 jackals
  3 quokkas
  4 frilled lizards
  24 kobolds
  8 rats
278 creatures vanquished.

Vanquished Creatures (others)
  A bullfrog (D:7)
1 creature vanquished.

Grand Total: 279 creatures vanquished

Notes
Turn   | Place    | Note
-------+----------+-------------------------------------------
     0 | D:1      | karrick the Gargoyle Fighter began the quest for the Orb.
     0 | D:1      | Reached XP level 1. HP: 14/14 MP: 1/1
    86 | D:1      | Reached XP level 2. HP: 7/19 MP: 2/2
   510 | D:1      | Found a faded altar of an unknown god.
   510 | D:1      | Noticed a sun demon
   580 | D:1      | Reached XP level 3. HP: 2/24 MP: 3/3
  1627 | D:2      | Found a stormy altar of Qazlal.
  1724 | D:2      | Reached XP level 4. HP: 28/29 MP: 4/4
  2057 | D:2      | Reached skill level 3 in Maces & Flails
  2813 | D:4      | Found a radiant altar of Vehumet.
  2875 | D:4      | Noticed a scorpion
  2885 | D:4      | Killed a scorpion
  2886 | D:4      | Reached XP level 5. HP: 27/33 MP: 5/5
  2967 | D:4      | Reached skill level 4 in Maces & Flails
  3046 | D:4      | Reached XP level 6. HP: 30/38 MP: 6/6
  3574 | D:4      | Found Gaphuw's Weapon Emporium.
  3916 | D:4      | Found a white marble altar of Elyvilon.
  3939 | D:4      | Reached skill level 5 in Armour
  4072 | D:5      | Entered Level 5 of the Dungeon
  4136 | D:5      | Noticed a water moccasin
  4147 | D:5      | Killed a water moccasin
  4148 | D:5      | Reached skill level 5 in Maces & Flails
  4148 | D:5      | Reached XP level 7. HP: 37/44 MP: 7/7
  4463 | D:5      | Identified the ring of Finality {Ice Dex+4 Slay+6}
  4508 | D:5      | Reached skill level 5 in Shields
  4726 | D:5      | Noticed Pikel
  4737 | D:5      | Killed Pikel
  4738 | D:5      | Reached skill level 6 in Maces & Flails
  4738 | D:5      | Reached skill level 1 in Stealth
  4738 | D:5      | Reached XP level 8. HP: 32/48 MP: 8/8
  4899 | D:5      | Reached skill level 5 in Fighting
  5691 | D:6      | Found a staircase to the Ecumenical Temple.
  5908 | D:6      | Reached skill level 7 in Maces & Flails
  5938 | Temple   | Entered the Ecumenical Temple
  6120 | Temple   | Became a worshipper of Warmaster Okawaru
  6629 | D:6      | Reached XP level 9. HP: 40/54 MP: 9/9
  6806 | D:6      | Reached skill level 1 in Invocations
  7034 | D:6      | Found Xastavef's Armour Shop.
  7073 | D:6      | Found a hazy altar of Hepliaklqana.
  7160 | D:6      | Found a runed translucent gate.
  7160 | D:6      | Found a runed translucent gate.
  7160 | D:6      | Found a runed translucent gate.
  7164 | D:6      | Noticed jimonade's ghost (novice FoHu)
  7172 | D:6      | Reached skill level 8 in Maces & Flails
  7275 | D:7      | Reached * piety under Okawaru
  8235 | D:7      | Reached skill level 9 in Maces & Flails
  8399 | D:7      | Reached ** piety under Okawaru
  8402 | D:7      | Reached XP level 10. HP: 26/60 MP: 11/13
  9187 | D:8      | Noticed a two-headed ogre
  9201 | D:8      | Killed a two-headed ogre
  9462 | D:8      | Found a shimmering altar of Xom.
 10044 | D:8      | Reached skill level 10 in Maces & Flails
 10347 | D:9      | Found a flagged portal.
 10356 | D:9      | Reached skill level 5 in Invocations
 10465 | Bailey   | Entered a bailey
 10534 | Bailey   | Reached *** piety under Okawaru
 10549 | Bailey   | Noticed an orc knight
 10723 | Bailey   | Killed an orc knight
 11159 | D:9      | Noticed Harold
 11172 | D:9      | Killed Harold
 11172 | D:9      | Reached **** piety under Okawaru
 11173 | D:9      | Reached XP level 11. HP: 66/66 MP: 15/15
 11207 | D:9      | Reached skill level 11 in Maces & Flails
 11400 | D:9      | Noticed a cyclops
 11424 | D:9      | Killed a cyclops
 11504 | D:10     | Entered Level 10 of the Dungeon
 11504 | D:10     | Found Ewiykaf's Distillery.
 11566 | D:10     | Found a stormy altar of Qazlal.
 11865 | D:10     | Noticed a green ugly thing
 12110 | D:10     | Noticed a deep elf pyromancer
 12125 | D:10     | Noticed a two-headed ogre
 12136 | D:10     | Killed a two-headed ogre
 12136 | D:10     | Reached ***** piety under Okawaru
 12147 | D:10     | HP: 1/68 [fire elemental[a deep elf pyromancer] (7)]
 12148 | D:10     | Killed from afar by a deep elf pyromancer

Illustrated notes

Levels and vault maps discovered:
D:1:      scummos_arrival_star, layout_loops_cross,
          dreamdust_ecumenical_altar_sealed_demon, minmay_tetromino_t2
D:2:      layout_basic, basic_altar
D:3:      layout_loops_ring
D:4:      layout_loops_ring, fiery_altar_vehumet,
          nicolae_overflow_hidden_temple, serial_shops,
          nicolae_shop_bloodbath_and_beyond, minmay_misc_feat_encased,
          chequers_serial_rivers_small_b, grunt_decor_junction
D:5:      cheibrodos_helix_gallery, layout_basic, uniq_pikel
D:6:      layout_cave_pools, nicolae_hepliaklqana_hippocampus,
          minmay_temple_entry_glass, biasface_ghost_orc_armoury, serial_shops,
          nicolae_square_shop, nicolae_elevator_lobby_plus
D:7:      layout_gridville
D:8:      layout_gridville, mainiacjoe_overflow_24_doors,
          minmay_misc_feat_more_columns
D:9:      layout_roguey [special_room_orc], enter_bailey_2, uniq_harold
D:10:     nzn_winding_woodlands_medium [nzn_winding_woodlands_5x5_perimeter,
          nzn_winding_woodlands_5x15_pool, nzn_winding_woodlands_5x5_default,
          nzn_winding_woodlands_5x5_default,
          nzn_winding_woodlands_center_pierced_h,
          nzn_winding_woodlands_5x5_checkerboard,
          nzn_winding_woodlands_5x5_closed_star,
          nzn_winding_woodlands_5x15_pockets, nzn_winding_woodlands_hourglass],
          layout_cave_pools, nicolae_qazlal_scattered_showers, serial_shops,
          shop, grunt_potential
Temple:   nicolae_temple_bog_church

Skill      XL: |  1  2  3  4  5  6  7  8  9 10 11 |
---------------+----------------------------------+-----
Shields        | 4 5 6 7 8 9 |  9.3
Maces & Flails | 3 4 5 6 7 9 10 11 | 11.5
Fighting       | 4 5 6 7 |  7.6
Armour         | 4 5 6 7 8 |  8.4
Stealth        | 1 2 |  2.0
Invocations    | 4 5 6 |  6.7
Throwing       | |  0.6

Action                   |  1- 3 |  4- 6 |  7- 9 | 10-12 || total
-------------------------+-------+-------+-------+-------++-------
Melee: Mace              |    51 |       |       |       ||    51
       Flail             |    56 |   192 |   218 |       ||   466
       Morningstar       |       |       |    98 |   360 ||   458
Throw: Boomerang         |       |       |       |     8 ||     8
Invok: Heroism           |       |       |       |     4 ||     4
  Use: Potion            |     1 |       |     2 |     7 ||    10
Armor: Scale mail        |    50 |    81 |   123 |    97 ||   351
Dodge: Dodged            |    48 |    55 |   114 |    80 ||   297
Block: Buckler           |    20 |    80 |   218 |   119 ||   437
       Reflection        |       |     6 |     5 |     8 ||    19
       Kite shield       |       |       |       |   134 ||   134
